Map: Ruins of Seras

Players

IIIIIIIIIIII - Winner!

  • Race: Protoss Protoss
  • League: Platinum

ImotoFantasy

  • Race: Protoss Protoss
  • League: Gold

VOD

Have the link to the VOD?

Description

Time

  • Played on: Oct. 26, 2015, 12:31 a.m.
  • Length: 10:30
Show
View Real Time Build Order
Export as new Build Order

IIIIIIIIIIII Protoss - Winner!

Build Orders: Zealot Archon, Dark Templar Rush 

Get SALT Encoding   

  12  0:02  Probe (Chrono Boost)  
  13  0:13  Probe (Chrono Boost)  
  14  0:20  Pylon  
  14  0:25  Probe (Chrono Boost)  
  15  0:38  Probe (Chrono Boost)  
  16  0:43  Gateway  
  16  0:49  Probe (Chrono Boost)  
  17  0:51  Assimilator  
  17  0:57  Assimilator  
  17  0:59  Probe (Chrono Boost)  
  18  1:10  Probe (Chrono Boost), Pylon  
  19  1:20  Probe (Chrono Boost)  
  20  1:31  Probe (Chrono Boost)  
  20  1:32  Cybernetics Core  
  21  1:41  Probe (Chrono Boost)  
  22  1:59  Nexus  
  22  2:09  Mothership Core (Chrono Boost)  
  22  2:13  Adept  
  26  2:15  Warp Gate  
  26  2:25  Pylon  
  26  2:33  Probe (Chrono Boost)  
  27  2:39  Twilight Council  
  27  2:55  Stalker (Chrono Boost)  
  27  2:56  Probe  
  27  2:58  Pylon  
  30  3:12  Robotics Facility  
  30  3:15  Probe  
  30  3:18  Probe  
  32  3:34  Dark Shrine  
  32  4:05  Gateway  
  32  4:07  Gateway, Probe  
  31  4:11  Pylon  
  31  4:14  Warp Prism  
  33  4:19  Stalker, Probe (Chrono Boost)  
  33  4:23  Probe (Chrono Boost)  
  37  4:30  Probe (Chrono Boost)  
  38  4:33  Probe (Chrono Boost)  
  38  4:35  Pylon  
  39  4:41  Probe (Chrono Boost)  
  40  4:49  Dark Templar  
  40  4:51  Probe (Chrono Boost)  
  43  5:01  Probe (Chrono Boost)  
  43  5:02  Probe (Chrono Boost), Assimilator, Dark Templar  
  47  5:11  Probe (Chrono Boost)  
  47  5:12  Probe (Chrono Boost)  
  47  5:13  Stalker  
  49  5:23  Probe (Chrono Boost)  
  49  5:25  Probe (Chrono Boost)  
  51  5:28  Forge  
  51  5:33  Probe (Chrono Boost)  
  53  5:35  Probe (Chrono Boost)  
  53  5:40  Gateway  
  53  5:44  Probe (Chrono Boost), Pylon  
  53  5:48  Probe (Chrono Boost)  
  53  5:50  Pylon  
  53  5:53  Dark Templar  
  53  5:55  Dark Templar  
  57  6:02  Dark Templar  
  47  6:33  Charge (Chrono Boost)  
  47  6:38  Probe (Chrono Boost)  
  47  6:39  Photon Cannon  
  48  6:40  Photon Cannon  
  48  6:43  Probe (Chrono Boost)  
  48  6:44  Photon Cannon  
  49  6:48  Probe (Chrono Boost), Assimilator  
  49  6:50  Immortal (Chrono Boost)  
  54  6:55  Gateway  
  54  6:56  Gateway  
  54  6:57  Protoss Ground Weapons Level 1 (Chrono Boost)  
  54  7:00  Probe x2  
  55  7:02  Photon Cannon  
  56  7:09  Dark Templar  
  57  7:16  Nexus  
  57  7:17  Dark Templar  
  57  7:21  Archon  
  57  7:22  Stalker  
  59  7:23  Stalker  
  57  7:35  Pylon  
  57  7:39  Immortal (Chrono Boost)  
  61  7:45  Probe  
  61  7:46  Probe  
  63  7:51  Pylon  
  63  7:54  Dark Templar  
  63  7:57  Probe  
  63  7:58  Probe  
  67  8:01  Dark Templar  
  67  8:03  Zealot  
  67  8:04  Zealot  
  73  8:07  Archon  
  73  8:11  Probe  
  74  8:17  Gateway, Observer (Chrono Boost)  
  74  8:19  Sentry  
  77  8:20  Zealot  
  77  8:26  Probe  
  80  8:29  Probe  
  80  8:31  Probe  
  82  8:36  Warp Prism (Chrono Boost)  
  82  8:40  Probe  
  82  8:51  Dark Templar  
  82  8:52  Dark Templar  
  85  8:56  Photon Cannon  
  85  8:59  Pylon  
  85  9:05  Archon  
  85  9:06  Stalker, Zealot  
  85  9:07  Zealot x2  
  93  9:19  Probe  
  93  9:20  Probe x2  
  96  9:26  Zealot x4  
  96  9:29  Probe  
  105  9:32  Probe x2  
  105  9:33  Photon Cannon  
  105  9:40  Probe  
  105  9:44  Probe x2  
  106  9:50  Probe  
  106  9:58  Zealot  
  106  9:59  Zealot x4  
  116  10:00  Zealot x2  
Show
View Real Time Build Order
Export as new Build Order

ImotoFantasy Protoss 

Build Orders: Phoenix Opening 

Get SALT Encoding   

  12  0:01  Probe (Chrono Boost)  
  13  0:11  Probe (Chrono Boost)  
  14  0:19  Pylon  
  14  0:23  Probe (Chrono Boost)  
  15  0:37  Probe (Chrono Boost)  
  15  0:40  Gateway  
  16  0:47  Assimilator  
  16  0:48  Probe (Chrono Boost)  
  17  0:55  Assimilator  
  17  0:58  Probe (Chrono Boost)  
  18  1:10  Probe (Chrono Boost)  
  19  1:21  Probe (Chrono Boost)  
  20  1:31  Cybernetics Core  
  20  1:33  Probe (Chrono Boost)  
  21  1:42  Pylon  
  21  1:43  Probe (Chrono Boost)  
  23  1:54  Probe (Chrono Boost)  
  23  2:03  Warp Gate (Chrono Boost)  
  23  2:10  Probe  
  24  2:16  Nexus  
  24  2:23  Mothership Core  
  26  2:40  Stargate  
  26  2:44  Probe (Chrono Boost)  
  27  2:57  Probe (Chrono Boost)  
  28  3:00  Gateway  
  28  3:04  Gateway  
  28  3:09  Probe (Chrono Boost)  
  29  3:13  Pylon  
  29  3:19  Stalker  
  31  3:28  Probe x2, Phoenix (Chrono Boost)  
  34  4:00  Probe  
  34  4:01  Probe  
  36  4:08  Phoenix (Chrono Boost)  
  38  4:11  Probe  
  38  4:13  Probe  
  38  4:17  Pylon  
  40  4:19  Assimilator  
  40  4:21  Robotics Facility  
  40  4:23  Assimilator  
  40  4:24  Probe  
  40  4:25  Pylon  
  40  4:27  Probe  
  42  4:32  Sentry  
  42  4:34  Probe  
  45  4:39  Phoenix (Chrono Boost)  
  47  4:47  Probe  
  47  4:49  Probe  
  49  4:58  Probe  
  50  5:00  Phoenix (Chrono Boost)  
  50  5:01  Probe  
  53  5:08  Probe  
  53  5:13  Probe  
  55  5:19  Probe, Observer (Chrono Boost)  
  57  5:24  Twilight Council  
  57  5:25  Probe  
  57  5:27  Pylon  
  58  5:29  Forge  
  58  5:34  Phoenix (Chrono Boost)  
  60  5:40  Immortal (Chrono Boost)  
  49  6:05  Probe  
  49  6:07  Probe  
  51  6:13  Stalker  
  51  6:14  Stalker x2  
  47  6:31  Probe  
  47  6:32  Probe  
  44  6:44  Probe (Chrono Boost)  
  44  6:45  Probe (Chrono Boost)  
  50  6:54  Observer (Chrono Boost)  
  47  6:56  Probe (Chrono Boost)  
  47  6:57  Probe (Chrono Boost)  
  49  7:07  Probe (Chrono Boost)  
  49  7:08  Probe (Chrono Boost)  
  49  7:31  Probe x2 (Chrono Boost)  
  49  7:33  Protoss Ground Weapons Level 1 (Chrono Boost)  
  55  7:41  Probe x2 (Chrono Boost)  
  55  7:42  Pylon  
  57  7:45  Nexus  
  57  7:50  Immortal  
  61  7:51  Probe  
  61  7:52  Probe, Charge (Chrono Boost)  
  63  7:59  Pylon  
  63  8:03  Probe  
  63  8:04  Probe  
  61  8:16  Probe x2  
  63  8:25  Photon Cannon  
  63  8:26  Photon Cannon  
  63  8:28  Probe x2  
  63  8:29  Immortal  
  69  8:40  Probe x2  
  71  8:52  Probe  
  71  8:53  Probe  
  73  8:56  Gateway  
  73  8:57  Gateway  
  73  8:59  Probe  
  73  9:00  Pylon  
  73  9:02  Zealot x2  
  78  9:04  Pylon  
  78  9:09  Immortal  
  82  9:12  Robotics Facility  
  82  9:24  Probe  
  82  9:25  Probe x2  
  85  9:33  Fleet Beacon  
  85  9:36  Stargate  
  85  9:50  Zealot x3  
  91  9:54  Photon Cannon  
  91  9:59  Pylon  
  67  10:23  Zealot x3  
Tags
 
Add a new tag
Caveats
  • Supply blocks, unpowered buildings, or Contaminate may cause inaccurate times.
  • Supply counts are checked every 10 seconds.